 Dungeon Crawl Stone Soup version 0.30.0 (webtiles) character file.

Game seed: 2127378266808641700

4 Dani the Trooper (level 1, 0/18 HPs)
             Began as a Demonspawn Fighter on May 20, 2023.
             Slain by a gnoll
             ... wielding a +0 spear
              (5 damage)
             ... on level 1 of the Dungeon.
             The game lasted 00:00:11 (93 turns).

Dani the Trooper (Demonspawn Fighter)                 Turns: 93, Time: 00:00:11

Health: 0/18       AC:  6    Str: 16    XL:     1   Next: 58%
Magic:  1/1        EV:  8    Int:  9    God:
Gold:   20         SH:  4    Dex: 12    Spells: 0/0 levels left

rFire   . . .        a - +0 war axe
rCold   . . .        c - +0 buckler
rNeg    . . .        b - +0 scale mail
rPois   .            (no helmet)
rElec   .            (no cloak)
rCorr   .            (no gloves)
SInv    .            (no boots)
Will    .....        (no amulet) Stlth
                     (no ring)
HPRegen 0.23/turn    (no ring)
MPRegen 0.07/turn

%: no passive effects
@: no status effects
A: no striking features
a: no special abilities


You were on level 1 of the Dungeon.
You visited 1 branch of the dungeon, and saw 1 of its levels.

You collected 20 gold pieces.

Inventory:

Hand Weapons
 a - a +0 war axe (weapon)
Armour
 b - a +0 scale mail (worn)
 c - a +0 buckler (worn)
Potions
 d - a potion of might
 e - a potion of lignification {unknown}
 f - a potion of haste {unknown}


   Skills:
 - Level 3.0 Fighting
 + Level 2.2 Axes
 - Level 2.6 Armour
 - Level 2.6 Shields


You couldn't memorise any spells.
You didn't know any spells.
Your spell library was empty.

Dungeon Overview and Level Annotations

Branches:
Dungeon (1/15)

Altars:


Message History

An endoplasm is nearby!
You slash the endoplasm!
You kill the endoplasm!
HP restored.
Key pressed, stopping explore.
No target in view!
No target in view!
You now have 8 gold pieces.
You now have 20 gold pieces (gained 12).
Key pressed, stopping explore.
No target in view!
Key pressed, stopping explore.
No target in view!
Key pressed, stopping explore.
No target in view!
A quokka comes into view.
A quokka is nearby!
A frilled lizard comes into view.
There are monsters nearby!
You hit the quokka.
The quokka is almost dead.
The quokka bites you but does no damage.
A quokka is nearby!
You closely miss the quokka.
The quokka is almost dead.
The quokka barely misses you. The quokka completely misses you.
A quokka is nearby!
You slash the quokka!
You kill the quokka!
Your Axes skill increases to level 2!
You block the frilled lizard's attack.
A frilled lizard is nearby!
You miss the frilled lizard.
The frilled lizard bites you but does no damage.
The frilled lizard barely misses you.
A frilled lizard is nearby!
You barely miss the frilled lizard. The frilled lizard bites you.
A frilled lizard is nearby!
You miss the frilled lizard.
The frilled lizard completely misses you.
The frilled lizard bites you but does no damage.
A frilled lizard is nearby!
You closely miss the frilled lizard.
The frilled lizard bites you but does no damage.
A frilled lizard is nearby!
You closely miss the frilled lizard.
The frilled lizard bites you but does no damage.
A frilled lizard is nearby!
You hit the frilled lizard but do no damage.
The frilled lizard barely misses you.
The frilled lizard bites you but does no damage.
A frilled lizard is nearby!
You closely miss the frilled lizard. The frilled lizard bites you.
A frilled lizard is nearby!
You miss the frilled lizard.
The frilled lizard bites you but does no damage.
The frilled lizard barely misses you.
A frilled lizard is nearby!
You closely miss the frilled lizard.
The frilled lizard bites you but does no damage.
A frilled lizard is nearby!
You slash the frilled lizard!
You kill the frilled lizard!
A gnoll comes into view. It is wielding a +0 spear.
A quokka comes into view.
Found a robe.
There are monsters nearby!
There are monsters nearby!
You barely miss the quokka. You block the quokka's attack.
A quokka is nearby!
You completely miss the quokka. The quokka bites you.
The quokka bites you but does no damage.
There are monsters nearby!
You slash the quokka!
You kill the quokka!
A gnoll is nearby!
The gnoll hits you from afar with a +0 spear.
A gnoll is nearby!
The gnoll closely misses you.
A gnoll is nearby!
You completely miss the gnoll. The gnoll hits you with a +0 spear.
* * * LOW HITPOINT WARNING * * *
A gnoll is nearby!
You barely miss the gnoll. The gnoll closely misses you. x2
A gnoll is nearby!
You slash the gnoll!
The gnoll is severely wounded.
The gnoll hits you with a +0 spear.
* * * LOW HITPOINT WARNING * * *
A gnoll is nearby!
You are too injured to fight recklessly!
You are too injured to fight recklessly!
A gnoll is nearby!
You are too injured to fight recklessly!
A gnoll is nearby!
You are too injured to fight recklessly!
You barely miss the gnoll.
The gnoll is severely wounded.
The gnoll hits you with a +0 spear.
You die...

#..# #..# ### #..#
#.. #..# ... #
#..##.# #
.##.###....[#.##
........g......#.
.......@........
.###.###..##......
................#
..........####..#
......##...###..#
.........#......# .
...########.##.....
#..###...####.###
###
#......#..##....#


You could see a gnoll.

Vanquished Creatures
  An endoplasm (D:1)
  2 quokkas (D:1)
  A frilled lizard (D:1)
4 creatures vanquished.

Notes
Turn   | Place    | Note
-------+----------+-------------------------------------------
     0 | D:1      | Dani the Demonspawn Fighter began the quest for the Orb.
     0 | D:1      | Reached XP level 1. HP: 18/18 MP: 1/1
    63 | D:1      | Reached skill level 2 in Axes
    93 | D:1      | Slain by a gnoll

Illustrated notes

Levels and vault maps discovered:
D:1:      dpeg_arrival_round_b, layout_loops_ring

Skill      XL: |  1 |
---------------+----+-----
Axes           | 2 |  2.2
Fighting       | |  3.0
Armour         | |  2.6
Shields        | |  2.6

Action                     || total
---------------------------++-------
  Melee: War axe           ||    21
 Armour: Scale mail        ||     9
  Dodge: Dodged            ||     9
  Block: Buckler           ||     2

Levels and vault maps discovered:
D:1:      dpeg_arrival_round_b, layout_loops_ring

Table legend: (Time is in decaauts)
 A = Elapsed time spent in this place.
 B = Non-inter-level travel time spent in this place.
 C = Inter-level travel time spent in this place.
 D = Time resting spent in this place.
 E = Time spent auto-exploring this place.
 F = Levels seen in this place.
 G = Mean time per level.
                   A        B        C        D        E       F      G
               +--------+--------+--------+--------+--------+-----+--------+
         Total |    101 |    101 |      0 |      0 |     57 |   1 |  101.0 |
       Dungeon |    101 |    101 |      0 |      0 |     57 |   1 |  101.0 |
               +--------+--------+--------+--------+--------+-----+--------+

Top non-repeatable levels by time:
     D:1: 101 daAuts

Table legend:
 A = Kills in this place as a percentage of kills in the entire game.
 B = Kills by you in this place as a percentage of kills by you in the entire game.
 C = Kills by friends in this place as a percentage of kills by friends in the entire game.
 D = Other kills in this place as a percentage of other kills in the entire game.
 E = Experience gained in this place as a percentage of experience gained in the entire game.
 F = Experience gained in this place divided by the number of levels of this place that you have seen.
                   A       B       C       D       E      F
               +-------+-------+-------+-------+-------+----------------------
         Total | 100.0 | 100.0 |   N/A |   N/A | 100.0 |   7.0
       Dungeon | 100.0 | 100.0 |   N/A |   N/A | 100.0 |   7.0
               +-------+-------+-------+-------+-------+----------------------
